 Dungeon Crawl Stone Soup version 0.21-a0-625-g1119ec1 (webtiles) character file.

8 tidbits the Basher (level 2, 26/26 HPs)
             Began as a Gnoll Wanderer on Dec 24, 2017.
             Quit the game on level 1 of the Dungeon.
             The game lasted 00:01:40 (162 turns).

tidbits the Basher (Gnoll Wanderer)                  Turns: 162, Time: 00:01:41

Health: 26/26      AC:  5    Str: 16    XL:     2   Next: 8%
Magic:  2/2        EV: 10    Int: 14    God:
Gold:   34         SH:  0    Dex: 12    Spells: 1/1 levels left

rFire    . . .     SeeInvis .   a - +2 mace
rCold    . . .     Gourm    .   (no shield)
rNeg     . . .     Faith    .   d - +0 ring mail
rPois    .         Spirit   .   (no helmet)
rElec    .         Reflect  .   (no cloak)
rCorr    .         Harm     .   (no gloves)
MR       .....                  (no boots)
Stlth    +.........             (no amulet)
HPRegen  0.08/turn              (no ring)
MPRegen  0.08/turn              (no ring)

@: no status effects
A: distributed training, fangs 1, strong nose
a: no special abilities


You were on level 1 of the Dungeon.
You were not hungry.

You visited 1 branch of the dungeon, and saw 2 of its levels.

You collected 34 gold pieces.

Inventory:

Hand Weapons
 a - a +2 mace (weapon)
 b - a +0 blowgun
 l - a +0 hunting sling
Missiles
 c - 24 poisoned needles
 g - 58 stones (quivered)
Armour
 d - a +0 ring mail (worn)
Scrolls
 h - a scroll of teleportation {unknown}
 k - a scroll of identify {unknown}
 m - a scroll of remove curse {unknown}
Potions
 e - a potion of haste {unknown}
 i - a potion of degeneration {unknown}
 j - a potion of flight {unknown}
Comestibles
 f - 2 rations


   Skills:
 + Level 4.4 Fighting
 + Level 0.2 Short Blades
 + Level 0.2 Long Blades
 + Level 0.2 Axes
 + Level 10.3 Maces & Flails
 + Level 0.2 Polearms
 + Level 0.2 Staves
 + Level 0.2 Slings
 + Level 0.2 Bows
 + Level 0.2 Crossbows
 + Level 2.4 Throwing
 + Level 2.4 Armour
 + Level 0.2 Dodging
 + Level 2.2 Stealth
 + Level 0.2 Shields
 + Level 0.2 Unarmed Combat
 + Level 0.2 Spellcasting
 + Level 0.1 Conjurations
 + Level 0.1 Hexes
 + Level 0.1 Charms
 + Level 0.1 Summonings
 + Level 0.1 Necromancy
 + Level 0.1 Translocations
 + Level 0.1 Transmutations
 + Level 0.1 Fire Magic
 + Level 0.1 Ice Magic
 + Level 0.1 Air Magic
 + Level 0.1 Earth Magic
 + Level 0.1 Poison Magic
 + Level 0.3 Invocations
 + Level 0.2 Evocations


You had one spell level left.
You didn't know any spells.

Dungeon Overview and Level Annotations

Branches:
Dungeon (2/15)

Altars:


Innate Abilities, Weirdness & Mutations

Your experience applies equally to all skills.
You have very sharp teeth.
Your uncanny sense of smell can sniff out nearby items.


Message History

You barely miss the bat. The bat hits you but does no damage.
You barely miss the bat. The bat closely misses you. x2
You hit the bat.
You kill the bat!
g - 13 stones (gained 1)
g - 38 stones (gained 25)
Things that are here:
an uncursed hunting sling; a goblin corpse
l - an uncursed hunting sling A goblin comes into view.
There is a stone staircase leading up here.
Throwing (i - inventory):
g - 38 stones (quivered)
Press: ? - help, Shift-Dir - straight line, f - goblin
Aim: a goblin (hasn't noticed you)
You throw a stone. The goblin shouts!
The stone hits the goblin.
The goblin is moderately wounded.
The goblin wields a hunting sling.
The goblin shoots a stone.
The stone hits you but does no damage.
The goblin unwields an uncursed hunting sling.
The goblin hits you but does no damage.
You hit the goblin.
You kill the goblin!
g - 58 stones (gained 21)
Things that are here:
an uncursed hunting sling; a goblin corpse Autopickup is now off.
There is a stone staircase leading up here.
You see here a stone.
You climb upwards.
There is a stone staircase leading down here.
You open the door.
A bat comes into view.
There is an open door here.
The bat hits you but does no damage.
You closely miss the bat. You bite the bat.
The bat is moderately wounded.
The bat barely misses you. The bat barely misses you.
You barely miss the bat. You bite the bat.
The bat is moderately wounded.
The bat hits you but does no damage.
You hit the bat.
The bat is severely wounded.
The bat hits you but does no damage.
A goblin comes into view. It is wielding a club.
The bat barely misses you. The bat hits you but does no damage.
A rat comes into view.
The goblin shouts!
The bat barely misses you. The bat hits you but does no damage.
The bat barely misses you.
You barely miss the bat.
The bat is moderately wounded.
The bat barely misses you.
Your ring mail prevents you from hitting the goblin.
The goblin hits you but does no damage. The bat hits you but does no damage.
A rat comes into view.
You hit the bat but do no damage. Your bite misses the bat.
The bat is moderately wounded.
The bat closely misses you. The bat hits you but does no damage.
The goblin barely misses you.
A giant cockroach comes into view.
You completely miss the bat. Your bite misses the bat.
The bat is moderately wounded.
The bat closely misses you.
You sock the bat!
You kill the bat!
The goblin hits you but does no damage.
You hit the rat.
You kill the rat!
The goblin barely misses you.
You hit the goblin.
You kill the goblin!
The giant cockroach bites you but does no damage.
You hit the rat. Your bite misses the rat.
The rat is heavily wounded.
The rat barely misses you. The giant cockroach closely misses you.
You barely miss the rat.
The rat is heavily wounded.
The rat bites you but does no damage.
The giant cockroach bites you but does no damage.
You thump the rat!
You kill the rat!
You have reached level 2!
The giant cockroach bites you but does no damage.
You hit the giant cockroach.
You kill the giant cockroach!
No target in view!
No target in view!
Things that are here:
a club; a rat corpse
Found 15 gold pieces and a scroll labeled PIUS UDWA SIUTUERI.
You see here 15 gold pieces.
You see here a scroll labeled PIUS UDWA SIUTUERI.
m - a scroll labeled PIUS UDWA SIUTUERI You see here 15 gold pieces.
You now have 34 gold pieces (gained 15).
Are you sure you want to abandon this character and quit the game? (Confirm with "yes".)

#.## ##+## ..#
##...## #.###
###.....## #.#.##
#........###
#>...####..........#
#.......'.##..†###..
#....####.##†)##.#
#..#.## #.#..##.##
#.#### #.#...@## #.
#.##...# #.
#.###.... #. ...
##..## .. #### .....
##... #.... ....


There were no monsters in sight!

Vanquished Creatures
  A giant cockroach (D:1)
  3 goblins
  2 bats
  2 rats (D:1)
8 creatures vanquished.

Notes
Turn   | Place    | Note
-------+----------+-------------------------------------------
     0 | D:1      | Reached skill level 10 in Maces & Flails
     0 | D:1      | tidbits the Gnoll Wanderer began the quest for the Orb.
     0 | D:1      | tidbits set off with: a +2 mace, a +0 ring mail, 8 poisoned needles, a +0 blowgun, a ration
     0 | D:1      | Reached XP level 1. HP: 20/20 MP: 1/1
   150 | D:1      | Reached XP level 2. HP: 25/26 MP: 2/2
   162 | D:1      | Quit the game

Vault maps used:
D:1:      minmay_arrival_jagged, minivault_14, minmay_cupped
D:2:      minmay_roachtagon

Skill      XL: | |
---------------+-+-----
Maces & Flails | | 10.3
Fighting       | |  4.4
Short Blades   | |  0.2
Long Blades    | |  0.2
Axes           | |  0.2
Polearms       | |  0.2
Staves         | |  0.2
Slings         | |  0.2
Bows           | |  0.2
Crossbows      | |  0.2
Throwing       | |  2.4
Armour         | |  2.4
Dodging        | |  0.2
Stealth        | |  2.2
Shields        | |  0.2
Unarmed Combat | |  0.2
Spellcasting   | |  0.2
Conjurations   | |  0.1
Hexes          | |  0.1
Charms         | |  0.1
Summonings     | |  0.1
Necromancy     | |  0.1
Translocations | |  0.1
Transmutations | |  0.1
Fire Magic     | |  0.1
Ice Magic      | |  0.1
Air Magic      | |  0.1
Earth Magic    | |  0.1
Poison Magic   | |  0.1
Invocations    | |  0.3
Evocations     | |  0.2

Action                   || total
-------------------------++-------
Melee: Mace              ||    24
       Bite              ||     3
Throw: Stone             ||     1
Armor: Ring mail         ||    15
Dodge: Dodged            ||    20

Table legend:
 A = Spawn XP
 B = Non-spawn XP
 C = Spawn XP percentage of total XP
 D = Spawn monster count
 E = Non-spawn monster count
 F = Spawn count percentage of total count
 G = Total turns spent on level
                    A         B        C        D         E        F      G
               +---------+---------+-------+---------+---------+-------+---------
         Total |       0 |      12 |   0.0 |       0 |       8 |   0.0 |   162
               +---------+---------+-------+---------+---------+-------+---------
           D:1 |       0 |       7 |   0.0 |       0 |       5 |   0.0 |   111
           D:2 |       0 |       5 |   0.0 |       0 |       3 |   0.0 |    51
               +---------+---------+-------+---------+---------+-------+---------

Table legend:
 A = Turns spent in this place as a percentage of turns spent in the entire game.
 B = Non-inter-level travel turns spent in this place as a percentage of non-inter-level travel turns spent in the entire game.
 C = Inter-level travel turns spent in this place as a percentage of turns spent in this place.
 D = Turns resting spent in this place as a percentage of non-inter-level travel turns spent in this place.
 E = Turns spent auto-exploring this place as a percentage of non-inter-level travel turns spent in this place.
 F = Non-inter-level travel turns spent in this place divided by the number of levels of this place that you've seen.
                   A       B       C       D       E      F
               +-------+-------+-------+-------+-------+----------------------
         Total | 100.0 | 100.0 |   0.0 |   0.0 |   0.0 |  81.0
       Dungeon | 100.0 | 100.0 |   0.0 |   0.0 |   0.0 |  81.0
               +-------+-------+-------+-------+-------+----------------------

Table legend:
 A = Kills in this place as a percentage of kills in entire the game.
 B = Kills by you in this place as a percentage of kills by you in the entire game.
 C = Kills by friends in this place as a percentage of kills by friends in the entire game.
 D = Other kills in this place as a percentage of other kills in the entire game.
 E = Experience gained in this place as a percentage of experience gained in the entire game.
 F = Experience gained in this place divided by the number of levels of this place that you have seen.
                   A       B       C       D       E      F
               +-------+-------+-------+-------+-------+----------------------
         Total | 100.0 | 100.0 |   N/A |   N/A | 100.0 |   6.0
       Dungeon | 100.0 | 100.0 |   N/A |   N/A | 100.0 |   6.0
               +-------+-------+-------+-------+-------+----------------------

Vault maps used:
D:1:      minmay_arrival_jagged, minivault_14, minmay_cupped
D:2:      minmay_roachtagon
